 Dungeon Crawl Stone Soup version bcrawl-1.36.2 (webtiles) character file.

Game seed: 7984350630346086495

134040 Morbidden the Sneak (level 4, 0/35 HPs)
             Began as a Demigod Archaeologist on May 20, 2022.
             Slain by an orc wizard
             ... wielding a +0 dagger
              (3 damage)
             ... on level 3 of the Dungeon.
             The game lasted 00:02:32 (1876 turns).

Morbidden the Sneak (Demigod Archaeologist)         Turns: 1876, Time: 00:02:32

Health: 0/35       AC:  8    Str: 17    XL:     4   Next: 35%
Magic:  7/7        EV: 13    Int: 18    God:    Demigod [*.....]
Gold:   91         SH:  0    Dex: 15    Spells: 4/4 levels left

rFire    . . .     SeeInvis .   s - +2 dagger (venom)
rCold    . . .     Gourm    .   (no shield)
rNeg     . . .     Faith    .   c - +1 robe
rPois    .         Spirit   .   l - +0 helmet
rElec    .         Reflect  .   p - +0 cloak (curse)
rCorr    .                      k - +0 pair of gloves
MR       .....                  m - +1 pair of boots
Stlth    ++........             (no amulet)
HPRegen  0.11/turn              (no ring)
MPRegen  0.10/turn              (no ring)

@: lethally poisoned (0 -> -2), slowed, very slow
A: high mp 1
a: Temporal Distortion


You were on level 3 of the Dungeon.
You worshipped Demigod.
Demigod was aware of your devotion.
You were near starving.

You visited 1 branch of the dungeon, and saw 3 of its levels.

You collected 91 gold pieces.

Inventory:

Hand Weapons
 a - a +0 falchion
 b - a +0 blowgun
 s - a +2 dagger of venom (weapon)
Missiles
 f - 6 curare-tipped needles
Armour
 c - a +1 robe (worn)
 k - a +0 pair of gloves (worn)
 l - a +0 helmet (worn)
 m - a +1 pair of boots (worn)
 p - a cursed +0 cloak (worn)
Scrolls
 g - a scroll of magic mapping
 i - a scroll of identify
 j - a scroll of noise {unknown}
 o - a scroll of fog {unknown}
Potions
 d - a potion of flight {unknown}
 n - a potion of heal wounds
 q - a potion of invisibility {unknown}
 r - a potion of curing {unknown}
Miscellaneous
 h - a dusty tome
Comestibles
 e - 7 rations {!d}


   Skills:
 * Level 1.2 Fighting
 * Level 1.3 Long Blades
   Level 1.0 Maces & Flails
 * Level 3.3 Dodging
 + Level 3.7 Stealth
 * Level 0.7 Spellcasting
 * Level 1.2 Invocations


You had 4 spell levels left.
You didn't know any spells.
Your spell library was empty.

Dungeon Overview and Level Annotations

Branches:
Dungeon (3/12)


Innate Abilities, Weirdness & Mutations

You have an increased reservoir of magic. (+10% MP)


Message History

You are too injured to fight recklessly!
You hit the orc wizard.
The orc wizard is poisoned.
The orc wizard is moderately wounded.
You feel sick.
The orc wizard hits you but does no damage.
The orc wizard barely misses you.
No path to travel!
You closely miss the orc wizard.
The orc wizard is heavily wounded.
The orc wizard casts a spell at you. The magic dart hits you!
The orc wizard casts a spell at you. The magic dart hits you!
* * * LOW HITPOINT WARNING * * *
The orc wizard misses you.
You barely miss the orc wizard.
The orc wizard is heavily wounded.
The orc wizard hits you with a +0 dagger.
You die...
Your divinity fades.

#.# #.# ##.## ##...##
..... #.####...
......o)# #@# #.# #.#
#.# #.# ####.#####
#......).# #######
#....###.# #.....#
........###.######.....#


You could see an orc wizard.

Vanquished Creatures
  An adder (D:2)
  An ooze (D:1)
  A dart slug (D:1)
  5 leopard geckos
  2 orcs (D:3)
  A ball python (D:1)
  8 giant cockroaches
  7 goblins
  10 hobgoblins
  4 jackals (D:2)
  5 kobolds
  2 quokkas
  7 bats
  2 frilled lizards (D:1)
  4 rats
60 creatures vanquished.

Notes
Turn   | Place    | Note
-------+----------+-------------------------------------------
     0 | D:1      | Morbidden the Demigod Archaeologist began the quest for the
                  | Orb.
     0 | D:1      | Reached XP level 1. HP: 15/15 MP: 3/3
    44 | D:1      | Reached skill level 1 in Maces & Flails
    44 | D:1      | Reached XP level 2. HP: 12/22 MP: 4/4
   388 | D:1      | Reached skill level 1 in Fighting
   549 | D:1      | Reached XP level 3. HP: 28/28 MP: 5/5
  1200 | D:2      | Found a basalt altar of Yredelemnul.
  1301 | D:2      | Reached * piety under Demigod
  1309 | D:2      | Reached skill level 1 in Invocations
  1408 | D:2      | Reached XP level 4. HP: 34/35 MP: 7/7
  1478 | D:2      | Reached skill level 1 in Long Blades
  1876 | D:3      | Slain by an orc wizard

Skill      XL: |  1  2  3  4 |
---------------+-------------+-----
Maces & Flails | 1 |  1.0
Dodging        | 3 |  3.3
Fighting       | 1 |  1.2
Invocations    | 1 |  1.2
Long Blades    | 1 |  1.3
Stealth        | |  3.7
Spellcasting   | |  0.7

Action                   |  1- 3 |  4- 6 || total
-------------------------+-------+-------++-------
Melee: Whip              |    37 |       ||    37
       Falchion          |   117 |    48 ||   165
       Dagger            |       |     3 ||     3
  Use: Potion            |       |     2 ||     2
 Stab: Sleeping          |    14 |     1 ||    15
  Eat: Chunk             |     6 |     1 ||     7
Armor: Robe              |    40 |    41 ||    81
Dodge: Dodged            |   124 |    57 ||   181
